 Dungeon Crawl Stone Soup version 0.29.1-13-g9f3cf754e1 (webtiles) character file.

Game seed: 11919020515591353249

130 bnorton916 the Magician (level 4, 0/24 HPs)
             Began as a Deep Elf Fire Elementalist on Feb 9, 2023.
             Slain by an iguana (11 damage)
             ... on level 4 of the Dungeon.
             The game lasted 00:03:49 (4158 turns).

bnorton916 the Magician (DEFE)                      Turns: 4158, Time: 00:03:50

Health: 0/24       AC:  2    Str:  5    XL:     4   Next: 90%
Magic:  6/12       EV: 12    Int: 22    God:
Gold:   247        SH:  0    Dex: 15    Spells: 6/12 levels left

rFire   . . .      SeeInvis .   (no weapon)
rCold   . . .      Faith    .   (no shield)
rNeg    . . .      Spirit   .   a - +0 robe
rPois   .          Reflect  .   (no helmet)
rElec   .          Harm     .   (no cloak)
rCorr   .          Rampage  .   (no gloves)
Will    .....                   (no boots)
Stlth   ++........              (no amulet)
HPRegen 0.08/turn               (no ring)
MPRegen 0.13/turn               (no ring)

@: no status effects
A: no striking features
a: no special abilities


You were on level 4 of the Dungeon.
You visited 1 branch of the dungeon, and saw 4 of its levels.

You collected 247 gold pieces.

Inventory:

Missiles
 c - 66 stones
 u - 2 boomerangs
Armour
 a - a +0 robe (worn)
 l - the +2 ring mail of Axetois {Str+4}
   (You found it on level 2 of the Dungeon)

   Str:       It affects your strength (+4).
Jewellery
 s - an amulet of faith
Scrolls
 f - 2 scrolls of enchant weapon {unknown}
 g - 4 scrolls of identify {unknown}
 i - a scroll of enchant armour {unknown}
 n - 4 scrolls of magic mapping {unknown}
 p - a scroll of summoning {unknown}
 q - 2 scrolls of brand weapon {unknown}
Potions
 b - a potion of magic
 d - a potion of attraction {unknown}
 e - 6 potions of curing {unknown}
 h - a potion of ambrosia {unknown}
 j - a potion of flight {unknown}
 k - a potion of might {unknown}
 m - a potion of invisibility {unknown}
 o - a potion of brilliance {unknown}
 r - 2 potions of haste {unknown}
 t - a potion of resistance {unknown}


   Skills:
 - Level 2.4 Dodging
 - Level 2.4 Stealth
 + Level 4.6 Spellcasting
 + Level 3.1 Conjurations
 + Level 4.4 Fire Magic


You had 6 spell levels left.
You knew the following spells:

 Your Spells              Type           Power      Damage    Failure   Level
a - Foxfire               Conj/Fire      84%        2x1d8     2%          1
b - Scorch                Fire           48%        2d7       2%          2
c - Conjure Flame         Conj/Fire      21%        6-21      7%          3

Your spell library contained the following spells:

 Spells                   Type           Power      Damage    Failure   Level
 Inner Flame              Hex/Fire       14%        N/A       13%         3
 Flame Wave               Conj/Fire      21%        2d8       22%         4
 Anguish                  Hex/Necr       2%         N/A       71%         4
 Enfeeble                 Hex            2%         N/A       100%        7


Dungeon Overview and Level Annotations

Branches:
Dungeon (4/15)
 Temple: D:4-7

Altars:

Shops:
D:1 :   D:3 =:


Message History

Your foxfire dissipates!
Your foxfire dissipates!
An iguana comes into view.
Casting: Foxfire (safe; 2% risk of failure)
Confirm with . or Enter, or press ? or * to list all spells.
You conjure some foxfire!
The iguana hisses angrily.
The foxfire hits the iguana but does no damage.
The foxfire hits the iguana.
The iguana is lightly wounded.
Casting: Foxfire (safe; 2% risk of failure)
Confirm with . or Enter, or press ? or * to list all spells.
You conjure some foxfire!
The foxfire hits the iguana.
The iguana is lightly wounded.
The foxfire hits the iguana.
The iguana is moderately wounded.
Casting: Foxfire (safe; 2% risk of failure)
Confirm with . or Enter, or press ? or * to list all spells.
You conjure some foxfire!
The foxfire hits the iguana.
The iguana is heavily wounded.
The foxfire hits the iguana but does no damage.
The iguana is heavily wounded.
The iguana bites you!
Casting: Foxfire (safe; 2% risk of failure)
Confirm with . or Enter, or press ? or * to list all spells.
You conjure some foxfire!
The iguana barely misses you.
The foxfire hits the iguana.
The iguana is heavily wounded.
The foxfire hits the iguana but does no damage.
The iguana is heavily wounded.
The iguana bites you.
Casting: Foxfire (safe; 2% risk of failure)
Confirm with . or Enter, or press ? or * to list all spells.
Flames lash the iguana.
The iguana is almost dead.
The iguana's fire resistance burns away.
The iguana bites you!
You die...

#.# .#.... #.##.#....
#.#......# #.#......#
#.#....... #.#.......
###l#.....# ....
#..@.....# .....# ###
#.#ยง#.....# .....#
#.... #.#....... .....#
#.#####.######.. .....#
#.#...#.# # .....#
#.#...#.# .....#
###.#...#.# .....#
#...#...#.#
.....###.###...#.######.


You could see an iguana (combustible).

Vanquished Creatures
  An iguana (D:4)
  3 adders
  4 dart slugs
  A worm (D:2)
  An orc (D:4)
  3 endoplasms
  4 giant cockroaches
  7 goblins
  4 hobgoblins
  9 jackals
  2 kobolds
  2 quokkas
  2 ball pythons
  9 bats
  6 frilled lizards
  8 rats
66 creatures vanquished.

Vanquished Creatures (others)
  334 foxfires
334 creatures vanquished.

Grand Total: 400 creatures vanquished

Notes
Turn   | Place    | Note
-------+----------+-------------------------------------------
     0 | D:1      | bnorton916 the Deep Elf Fire Elementalist began the quest
                  | for the Orb.
     0 | D:1      | Reached XP level 1. HP: 10/10 MP: 6/6
   288 | D:1      | Found Irideiro's Book Emporium.
   355 | D:1      | Reached XP level 2. HP: 15/15 MP: 6/8
   921 | D:1      | Found a faded altar of an unknown god.
  1409 | D:2      | Reached XP level 3. HP: 19/19 MP: 5/10
  1867 | D:2      | Identified the +2 ring mail of Axetois {Str+4}
  2369 | D:2      | Reached XP level 4. HP: 24/24 MP: 9/12
  2521 | D:2      | Learned a level 2 spell: Scorch
  2525 | D:2      | Learned a level 3 spell: Conjure Flame
  2751 | D:3      | Found Emnaesk's Jewellery Boutique.
  2785 | D:3      | Found Cofaj's Book Emporium.
  4158 | D:4      | Slain by an iguana

Illustrated notes

Levels and vault maps discovered:
D:1:      dpeg_arrival_simpleton_a, layout_basic,
          hellmonk_ecumenical_altar_pennies_from_heaven, serial_shops,
          nicolae_shop_crystal
D:2:      layout_rooms
D:3:      layout_basic, serial_shops, shop, nicolae_square_shop,
          kennysheep_pointless_box, hangedman_decor_peaks_small, grunt_decor_cap
D:4:      layout_basic, nicolae_dithmenos_shadow_blocks

Skill      XL: |  1  2  3  4 |
---------------+-------------+-----
Conjurations   | 2 3 |  3.1
Fire Magic     | 4 |  4.4
Spellcasting   | 4 |  4.6
Dodging        | |  2.4
Stealth        | |  2.4

Action                   |  1- 3 |  4- 6 || total
-------------------------+-------+-------++-------
 Cast: Foxfire           |   126 |    70 ||   196
       Scorch            |       |     4 ||     4
Armor: Robe              |     3 |     4 ||     7
Dodge: Dodged            |    11 |    15 ||    26
